AoeStats
← _STICH_32

Arabia

510312914Analyzed
1v1 RM · 1d ago on Sep 30, 2026· 47m 51s· 2 players
Game mode
Random Map
Map size
Tiny (2 player)
Population
200
Speed
Normal
Resources
Standard
Victory
Conquest
Starting age
Dark Age
Ending age
Imperial Age
RankedLock teamsTeams togetherTeam positionsShared explorationLock speedFull tech treeHidden civsTurbo modeCheats
Victory
Defeat
🇦🇷 Ethiopians · Argentina
692
+26
🇰🇿 Britons · Kazakhstan
686
-16
_STICH_32
10:52 Feudal Age
16:39 Loom
18:57 Castle Age
19:57 Loom
21:54 Double-Bit Axe
23:45 Padded Archer Armor
30:50 Elite Skirmisher
42:15 Imperial Age
43:03 Warwolf
Patovich
8:04 Loom
10:37 Feudal Age
11:48 Double-Bit Axe
18:43 Fletching
23:44 Castle Age
24:11 Gold Mining
23:48 Crossbowman
24:34 Thumb Ring
24:40 Bow Saw
24:28 Bodkin Arrow
31:10 Wheelbarrow
31:24 Stone Mining
32:10 Gold Shaft Mining
32:32 Gold Shaft Mining
35:49 Hand Cart
39:12 Imperial Age
37:20 Ballistics
39:12 Padded Archer Armor
41:01 Two-Man Saw
39:23 Arbalester
40:04 Bracer
41:07 Chemistry
40:28 Leather Archer Armor
Connection lost

Rejoining the realm…

Still unreachable

The connection could not be restored.

Session expired

The server has moved on; the page needs a fresh start.